 Dungeon Crawl Stone Soup version 0.30.1-4-g462c640d31 (webtiles) character file.

Game seed: 9541474936633650434

84 Peloso the Covered (level 5, 0/36 HPs)
             Began as a Meteoran Fighter on Aug 28, 2023.
             Killed by divine providence
             ... invoked by an orc priest
              (15 damage)
             ... on level 3 of the Dungeon.
             The game lasted 00:07:33 (1406 turns).

Peloso the Covered (Meteoran Fighter)               Turns: 1406, Time: 00:07:34

Health: 0/36       AC: 11    Str: 20    XL:     5   Next: 3%
Magic:  6/6        EV:  6    Int:  9    God:
Gold:   108        SH:  5    Dex: 13    Spells: 4/4 levels left

rFire   . . .        a - +0 long sword
rCold   . . .        c - +0 buckler
rNeg    . . .        f - +0 plate armour
rPois   .            (no helmet)
rElec   .            (no cloak)
rCorr   .            (no gloves)
SInv    .            (no boots)
Will    .....        (no amulet) Stlth
                     (no ring)
HPRegen 0.26/turn    (no ring)
MPRegen 0.10/turn

%: no passive effects
@: glowing
A: sense surroundings 1, otherworldly, glowing, explore regen
a: no special abilities


You were on level 3 of the Dungeon.
You visited 1 branch of the dungeon, and saw 3 of its levels.

You collected 108 gold pieces.

Inventory:

Hand Weapons
 a - a +0 long sword (weapon)
Armour
 b - a +0 scale mail
 c - a +0 buckler (worn)
 f - a +0 plate armour (worn)
Scrolls
 e - a scroll of identify {unknown}
 h - a scroll of magic mapping {unknown}
 l - 3 scrolls of summoning {unknown}
 m - a scroll of immolation {unknown}
Potions
 d - a potion of might
 g - a potion of resistance {unknown}
 i - 3 potions of flight {unknown}
 j - a potion of magic {unknown}
 k - a potion of attraction {unknown}


   Skills:
 + Level 3.7 Fighting
 + Level 3.8 Long Blades
 + Level 4.3 Armour
 + Level 1.1 Dodging
 + Level 4.1 Shields


You had 4 spell levels left.
You didn't know any spells.
Your spell library contained the following spells:

 Spells                   Type           Power      Damage    Failure   Level
 Summon Forest            Summ/Tloc      0%         N/A       100%        5
 Eringya's Noxious Bog    Tmut/Pois      0%         N/A       100%        6
 Summon Hydra             Summ           0%         N/A       100%        7


Dungeon Overview and Level Annotations

Branches:
Dungeon (3/15) Zot: 536

Altars:
Gozag


Innate Abilities, Weirdness & Mutations

You passively map a small area around you.
You are easily found by Zot.
You glow in the dark.
You regain HP and MP as you explore.


Message History

An orc comes into view. It is wielding a +0 hand axe.
An orc comes into view. It is wielding a +0 whip.
The orc moves out of view.
An orc priest comes into view. It is wielding a +0 short sword.
The orc priest shouts!
You see here 10 gold pieces.
The orc hits you but does no damage. The orc hits you but does no damage.
You closely miss the orc. The orc hits you but does no damage.
You barely miss the orc. The orc hits you but does no damage.
The orc barely misses you.
You closely miss the orc. The orc hits you with a +0 trident.
The orc barely misses you. The orc hits you but does no damage.
You closely miss the orc. You block the orc's attack. x2
The orc closely misses you.
You hit the orc.
The orc is severely wounded.
The orc hits you but does no damage. The orc closely misses you.
The orc barely misses you.
You closely miss the orc.
The orc is severely wounded.
The orc hits you from afar with a +0 trident!
The orc barely misses you. The orc completely misses you.
You closely miss the orc.
The orc is severely wounded.
The orc closely misses you. The orc barely misses you.
You block the orc's attack. The orc hits you with a +0 hand axe.
The orc hits you with a +0 whip.
You hit the orc priest.
The orc priest is moderately wounded.
The orc hits you but does no damage. The orc hits you with a +0 hand axe.
The orc hits you with a +0 whip. The orc hits you but does no damage.
The orc priest hits you with a +0 short sword.
You block the orc's attack. x2
You slash the orc!
You kill the orc!
The orc priest calls down the wrath of Beogh upon you.
Beogh smites you!
You die...

* , #.# ##. ##..# ..
* * #...#.. , *
#.#.#. , , * * ####
#.... _ , ###...#
#.#.# , *,
..~~~..####o#.# , ,
, #~≈≈~..#...@)# #
#~≈≈~~.#$#oo.####.**
# #~~≈≈~............
,#
##~≈≈~~..........# #
#~~≈≈~........#... ,
*# #.~≈≈~~.......#
## # *
#.~~≈≈~#.....##[. #
###~≈≈~.......#.# ,
* #~≈≈~~........ ,*
##


You could see an orc priest and 2 orcs.

Vanquished Creatures
  An adder (D:2)
  A worm (D:2)
  5 dart slugs
  An orc (D:3)
  6 bats
  9 endoplasms
  4 giant cockroaches
  6 goblins
  6 hobgoblins
  2 quokkas (D:2)
  5 ball pythons
  2 frilled lizards
  4 kobolds
  5 rats
57 creatures vanquished.

Notes
Turn   | Place    | Note
-------+----------+-------------------------------------------
     0 | D:1      | Peloso the Meteoran Fighter began the quest for the Orb.
     0 | D:1      | Reached XP level 1. HP: 19/19 MP: 2/2
   110 | D:1      | Reached XP level 2. HP: 25/26 MP: 3/3
   198 | D:1      | Reached XP level 3. HP: 31/31 MP: 4/4
   472 | D:1      | Glimpsed the power of Zot.
   522 | D:1      | Glimpsed the power of Zot.
   589 | D:2      | Reached XP level 4. HP: 28/38 MP: 5/5
   612 | D:2      | Reached skill level 1 in Dodging
  1052 | D:2      | Glimpsed the power of Zot.
  1102 | D:2      | Glimpsed the power of Zot.
  1142 | D:2      | Glimpsed the power of Zot.
  1152 | D:2      | Touched by the power of Zot.
  1252 | D:2      | Glimpsed the power of Zot.
  1307 | D:3      | Found an opulent altar of Gozag.
  1368 | D:3      | Reached XP level 5. HP: 36/36 MP: 6/6
  1406 | D:3      | Killed from afar by an orc priest

Illustrated notes

Levels and vault maps discovered:
D:1:      giann_wishing_wells, layout_rooms, minmay_misc_feat_iff
D:2:      layout_loops_ring, minmay_pentomino_r4
D:3:      wander_river, layout_rooms, mainiacjoe_overflow_alcove_1,
          old_standard_altar, gup_sewer_entry_bubbles

Skill      XL: |  1  2  3  4 |
---------------+-------------+-----
Armour         | 4 |  4.3
Shields        | 4 |  4.1
Long Blades    | 3 |  3.8
Dodging        | 1 |  1.1
Fighting       | |  3.7

Action                     |  1- 3 |  4- 6 || total
---------------------------+-------+-------++-------
  Melee: Long sword        |    99 |    85 ||   184
 Armour: Scale mail        |    50 |       ||    50
         Plate armour      |    38 |    51 ||    89
  Dodge: Dodged            |    41 |    38 ||    79
  Block: Buckler           |    36 |    16 ||    52
